[Event "IM Marmaris Karia VIII 2019"]
[Site "Marmaris"]
[Date "2019.07.28"]
[Round "1.2"]
[White "Abdulla, Khayala"]
[Black "Benidze, Davit"]
[Result "0-1"]
[ECO "B15"]
[WhiteElo "2283"]
[BlackElo "2469"]
[Annotator "ChessBase"]
[PlyCount "66"]
[EventDate "2019.07.29"]
[EventType "schev"]
[EventCountry "TUR"]
[SourceTitle "playchess.com"]
[Source "ChessBase"]
[SourceQuality "1"]
[TimeControl "5400+30"]

1. e4 c6 2. d4 g6 3. Nc3 Bg7 4. Nf3 d5 5. h3 Nh6 6. exd5 cxd5 7. Bf4 Nc6 8. Bb5 O-O 9. O-O f6 10. Qe2 Nf7 11. Rad1 a6 12. Bxc6 bxc6 13. Rfe1 Re8 14. Na4 e5 15. c4 g5 16. Bh2 e4 17. Nd2 f5 18. Nb3 f4 19. cxd5 cxd5 20. Rc1 Ra7 21. Rc3 Rae7 22. Rec1 Nd6 23. Qh5 Rf7 24. h4 Bd7 25. Nac5 Nb5 26. R3c2 Bf5 27. Nxa6 e3 28. Rc5 exf2+ 29. Kxf2 Nxd4 30. Rc7 Bg6 31. Qd1 Nxb3 32. axb3 Qf6 33. Rc8 Qb6+ 0-1

[Event "IM Marmaris Karia VIII 2019"]
[Site "Marmaris"]
[Date "2019.07.28"]
[Round "1.3"]
[White "Karaoglan, Doruk"]
[Black "Sibashvili, Giorgi"]
[Result "0-1"]
[ECO "C54"]
[WhiteElo "2278"]
[BlackElo "2389"]
[Annotator "ChessBase"]
[PlyCount "50"]
[EventDate "2019.07.29"]
[EventType "schev"]
[EventCountry "TUR"]
[SourceTitle "playchess.com"]
[Source "ChessBase"]
[SourceQuality "1"]
[TimeControl "5400+30"]

1. e4 e5 2. Nf3 Nc6 3. Bc4 Bc5 4. c3 Nf6 5. d3 O-O 6. Bb3 d5 7. Qe2 dxe4 8. dxe4 Qe7 9. h3 Nh5 10. g4 Nf4 11. Bxf4 exf4 12. Nbd2 a5 13. Rg1 a4 14. Bc2 Re8 15. Kf1 b6 16. Re1 Ne5 17. Nxe5 Qxe5 18. Nf3 Qe6 19. Kg2 Ba6 20. Qd2 Rad8 21. Qxf4 Qxa2 22. Rb1 a3 23. Qxc7 axb2 24. Rgd1 Rxd1 25. Rxd1 b1=Q 0-1

[Event "IM Marmaris Karia VIII 2019"]
[Site "Marmaris"]
[Date "2019.07.28"]
[Round "1.4"]
[White "Yazici, Ugur Doga"]
[Black "Odeev, Handszar"]
[Result "0-1"]
[ECO "D79"]
[WhiteElo "2143"]
[BlackElo "2360"]
[Annotator "NA"]
[PlyCount "51"]
[EventDate "2019.07.29"]
[EventType "schev"]
[EventCountry "TUR"]
[SourceTitle "playchess.com"]
[Source "ChessBase"]
[SourceQuality "1"]
[TimeControl "5400+30"]

1. Nf3 Nf6 2. g3 g6 3. Bg2 Bg7 4. O-O O-O 5. d4 d5 6. Nbd2 Ne4 7. c3 c5 8. Nxe4 dxe4 9. Ne5 cxd4 10. cxd4 Qd5 11. Be3 Nd7 12. Nxd7 Bxd7 13. f3 exf3 14. Bxf3 Qd6 15. Qd2 Rad8 16. Rfd1 Ba4 17. b3 Bc6 18. Bxc6 bxc6 19. Rac1 h5 20. Rc4 h4 21. Bf4 Qd5 22. Qd3 h3 23. e4 Qh5 24. d5 f5 25. d6 g5 26. Ra1 0-1

[Event "IM Marmaris Karia VIII 2019"]
[Site "Marmaris"]
[Date "2019.07.28"]
[Round "1.5"]
[White "Caputcuoglu, Zeki Berke"]
[Black "Rzayev, Bahruz"]
[Result "1-0"]
[ECO "A31"]
[WhiteElo "2010"]
[BlackElo "2340"]
[Annotator "NA"]
[PlyCount "55"]
[EventDate "2019.07.29"]
[EventType "schev"]
[EventCountry "TUR"]
[SourceTitle "playchess.com"]
[Source "ChessBase"]
[SourceQuality "1"]
[TimeControl "5400+30"]

1. Nf3 Nf6 2. d4 c5 3. c4 cxd4 4. Nxd4 e5 5. Nb5 d6 6. g3 Be6 7. Bg2 Nc6 8. b3 a6 9. N5c3 Be7 10. O-O O-O 11. Nd5 Bxd5 12. cxd5 Nb8 13. e4 Nbd7 14. Be3 Nc5 15. Nd2 b5 16. Qe2 Nfd7 17. Rfc1 b4 18. Bh3 g6 19. a3 bxa3 20. b4 Nb7 21. Rxa3 Kh8 22. Rxa6 Rb8 23. Ba7 Bg5 24. Bxb8 Nxb8 25. Ra2 Qb6 26. Nc4 Qxb4 27. Rb2 Qc5 28. Rcb1 1-0

[Event "IM Marmaris Karia VIII 2019"]
[Site "Marmaris"]
[Date "2019.07.28"]
[Round "2.4"]
[White "Rzayev, Bahruz"]
[Black "Yazici, Ugur Doga"]
[Result "1/2-1/2"]
[ECO "E21"]
[WhiteElo "2340"]
[BlackElo "2143"]
[Annotator "NA"]
[PlyCount "107"]
[EventDate "2019.07.29"]
[EventType "schev"]
[EventCountry "TUR"]
[SourceTitle "playchess.com"]
[Source "ChessBase"]
[SourceQuality "1"]
[TimeControl "5400+30"]

1. d4 Nf6 2. c4 e6 3. Nc3 Bb4 4. Qc2 c5 5. Nf3 b6 6. a3 Bxc3+ 7. Qxc3 Bb7 8. dxc5 bxc5 9. b4 O-O 10. Bb2 d5 11. e3 Nbd7 12. cxd5 Bxd5 13. Be2 cxb4 14. axb4 Qb6 15. O-O Rfb8 16. Ra4 Nc5 17. Qxc5 Qxc5 18. bxc5 Rxb2 19. Bd3 Rb3 20. Ne5 Nd7 21. Bxh7+ Kxh7 22. Nxd7 f6 23. Rfa1 Bc6 24. Rd4 Rc8 25. Rd6 Rb7 26. Nf8+ Rxf8 27. Rxc6 e5 28. h4 Rd8 29. Rca6 Rc8 30. Rc1 Rb5 31. c6 Rb6 32. Rxa7 Rbxc6 33. Rxc6 Rxc6 34. g3 Kh6 35. Kg2 Rc2 36. g4 Rc1 37. Ra6 Kg6 38. g5 Rc4 39. Kg3 Rb4 40. gxf6 gxf6 41. Ra8 Kg7 42. f3 e4 43. f4 Kg6 44. Ra6 Rb3 45. Kg4 Rxe3 46. h5+ Kg7 47. Ra7+ Kh6 48. Rf7 Re1 49. Rxf6+ Kg7 50. Kg5 Rg1+ 51. Kf5 e3 52. h6+ Kh7 53. Re6 Rg3 54. Ke4 1/2-1/2

[Event "IM Marmaris Karia VIII 2019"]
[Site "Marmaris"]
[Date "2019.07.28"]
[Round "2.5"]
[White "Maghalashvili, Davit"]
[Black "Caputcuoglu, Zeki Berke"]
[Result "1-0"]
[ECO "E69"]
[WhiteElo "2485"]
[BlackElo "2010"]
[Annotator "ChessBase"]
[PlyCount "59"]
[EventDate "2019.07.29"]
[EventType "schev"]
[EventCountry "TUR"]
[SourceTitle "playchess.com"]
[Source "ChessBase"]
[SourceQuality "1"]
[TimeControl "5400+30"]

1. Nf3 Nf6 2. g3 g6 3. Bg2 Bg7 4. c4 O-O 5. O-O d6 6. d4 c6 7. Nc3 Qa5 8. e4 e5 9. h3 Nbd7 10. Be3 exd4 11. Nxd4 Nb6 12. Nb3 Qh5 13. Qxh5 Nxh5 14. Na5 Be6 15. g4 Nf6 16. c5 Nc4 17. Nxc4 Bxc4 18. Rfd1 dxc5 19. Bxc5 Rfe8 20. f4 b6 21. Bf2 Rad8 22. Bh4 Rxd1+ 23. Rxd1 Rc8 24. b3 Ba6 25. e5 Ne8 26. Rd7 Nc7 27. Bxc6 Ne6 28. Nd5 Bf8 29. Rxa7 Nc5 30. Nf6+ 1-0

[Event "IM Marmaris Karia VIII 2019"]
[Site "Marmaris"]
[Date "2019.07.28"]
[Round "3.1"]
[White "Dedebas, Emre Emin"]
[Black "Sibashvili, Giorgi"]
[Result "1/2-1/2"]
[ECO "D02"]
[WhiteElo "2301"]
[BlackElo "2389"]
[Annotator "NA"]
[PlyCount "50"]
[EventDate "2019.07.29"]
[EventType "schev"]
[EventCountry "TUR"]
[SourceTitle "playchess.com"]
[Source "ChessBase"]
[SourceQuality "1"]
[TimeControl "5400+30"]

1. d4 Nf6 2. Nf3 d5 3. Bf4 c5 4. e3 Nc6 5. Nbd2 e6 6. c3 Bd6 7. Bg3 O-O 8. Bd3 b6 9. Qe2 Bb7 10. Rd1 Qe7 11. e4 dxe4 12. Nxe4 Nxe4 13. Bxe4 Rad8 14. Bh4 f6 15. O-O cxd4 16. cxd4 g5 17. Bg3 g4 18. Nd2 Bxg3 19. hxg3 f5 20. Bxc6 Bxc6 21. Nc4 Bd5 22. Ne3 Bc6 23. Nc4 Bd5 24. Ne3 Bc6 25. Nc4 Bd5 1/2-1/2

[Event "IM Marmaris Karia VIII 2019"]
[Site "Marmaris"]
[Date "2019.07.28"]
[Round "3.2"]
[White "Abdulla, Khayala"]
[Black "Odeev, Handszar"]
[Result "1/2-1/2"]
[ECO "B32"]
[WhiteElo "2283"]
[BlackElo "2360"]
[Annotator "NA"]
[PlyCount "62"]
[EventDate "2019.07.29"]
[EventType "schev"]
[EventCountry "TUR"]
[SourceTitle "playchess.com"]
[Source "ChessBase"]
[SourceQuality "1"]
[TimeControl "5400+30"]

1. e4 c5 2. Nf3 Nc6 3. d4 cxd4 4. Nxd4 e5 5. Nb5 d6 6. N1c3 a6 7. Na3 b5 8. Nd5 Nce7 9. c4 Nxd5 10. Qxd5 Be6 11. Qd1 b4 12. Nc2 Nf6 13. Bd3 a5 14. O-O Be7 15. f4 exf4 16. Bxf4 Ng4 17. Nd4 Bd7 18. Be2 Qb6 19. Kh1 Ne5 20. Nf3 Ng6 21. Bg3 Rd8 22. Qc2 O-O 23. Rad1 Rfe8 24. Rd2 Bc6 25. Nd4 Bb7 26. Nf5 Bf8 27. Bf3 Ne5 28. Rfd1 Qc5 29. b3 g6 30. Bf2 Qc7 31. Nd4 Qb8 1/2-1/2

[Event "IM Marmaris Karia VIII 2019"]
[Site "Marmaris"]
[Date "2019.07.28"]
[Round "3.3"]
[White "Karaoglan, Doruk"]
[Black "Rzayev, Bahruz"]
[Result "0-1"]
[ECO "C28"]
[WhiteElo "2278"]
[BlackElo "2340"]
[Annotator "NA"]
[PlyCount "52"]
[EventDate "2019.07.29"]
[EventType "schev"]
[EventCountry "TUR"]
[SourceTitle "playchess.com"]
[Source "ChessBase"]
[SourceQuality "1"]
[TimeControl "5400+30"]

1. e4 e5 2. Nc3 Nf6 3. Bc4 Nc6 4. d3 Na5 5. Bb3 Nxb3 6. axb3 d5 7. exd5 Nxd5 8. Qh5 Nb4 9. Qxe5+ Be7 10. Kd1 O-O 11. Nf3 Be6 12. Qd4 Qc8 13. Ng5 c5 14. Qe4 Bxg5 15. Bxg5 Re8 16. Qh4 Qd7 17. Qg3 Bf5 18. Kd2 b5 19. Bf4 c4 20. Bd6 a5 21. bxc4 bxc4 22. d4 Nxc2 23. Nd5 Bg6 24. Nc7 Nxd4 25. Nxa8 Re2+ 26. Kc1 Qf5 0-1

[Event "IM Marmaris Karia VIII 2019"]
[Site "Marmaris"]
[Date "2019.07.28"]
[Round "3.4"]
[White "Yazici, Ugur Doga"]
[Black "Maghalashvili, Davit"]
[Result "1-0"]
[ECO "B06"]
[WhiteElo "2143"]
[BlackElo "2485"]
[Annotator "ChessBase"]
[PlyCount "261"]
[EventDate "2019.07.29"]
[EventType "schev"]
[EventCountry "TUR"]
[SourceTitle "playchess.com"]
[Source "ChessBase"]
[SourceQuality "1"]
[TimeControl "5400+30"]

1. e4 g6 2. d4 Bg7 3. Nf3 d6 4. Nbd2 Nd7 5. Bd3 e5 6. c3 Ne7 7. O-O O-O 8. Re1 Nc6 9. Nb3 h6 10. Bb5 Ne7 11. dxe5 Nxe5 12. Nxe5 dxe5 13. Be3 b6 14. Qe2 Be6 15. Rad1 Qc8 16. Ba6 Qe8 17. Bb5 Qc8 18. Ba6 Qb8 19. Bc4 Bxc4 20. Qxc4 Rd8 21. f4 c5 22. Rxd8+ Qxd8 23. fxe5 Qd7 24. Nd2 Rd8 25. Nf3 Nc6 26. Bf4 g5 27. Bg3 Qe7 28. Qa4 Qe6 29. h3 a5 30. Rd1 Rxd1+ 31. Qxd1 g4 32. hxg4 Qxg4 33. Qd5 Ne7 34. Qa8+ Kh7 35. Qb7 Qe6 36. a4 Bf8 37. Bh4 Ng6 38. Bf6 Nf4 39. Kh2 Bg7 40. Bh4 Qg4 41. Bg3 Ne2 42. Bh4 Bxe5+ 43. Kh1 Qf4 44. Qd5 Bc7 45. Qf5+ Qxf5 46. exf5 Kg7 47. Nd2 h5 48. Nc4 Kf8 49. Ne3 Ke8 50. Nd5 Kd7 51. Nf6+ Kc6 52. Nxh5 b5 53. axb5+ Kxb5 54. g4 Kc4 55. g5 Nf4 56. Nxf4 Bxf4 57. g6 fxg6 58. fxg6 Be5 59. Be7 a4 60. Bf8 Kb3 61. Bxc5 Kxb2 62. Bd4 Bxd4 63. cxd4 a3 64. g7 a2 65. g8=Q a1=Q+ 66. Qg1 Qa6 67. Qe3 Qg6 68. Kh2 Qh7+ 69. Kg2 Qg6+ 70. Kf2 Qf6+ 71. Ke2 Qa6+ 72. Qd3 Qe6+ 73. Kd1 Qd5 74. Qc2+ Ka1 75. Qa4+ Kb1 76. Qb4+ Ka1 77. Kd2 Qg2+ 78. Ke3 Qg3+ 79. Ke4 Qg4+ 80. Kd5 Qf5+ 81. Kc4 Qf1+ 82. Kc5 Qf8+ 83. Kb5 Qe8+ 84. Kc4 Qe2+ 85. Kb3 Qd1+ 86. Ka3 Qd3+ 87. Ka4 Qc2+ 88. Kb5 Qe2+ 89. Qc4 Qe8+ 90. Qc6 Qe2+ 91. Kc5 Qc2+ 92. Kd6 Qg6+ 93. Kc7 Qf7+ 94. Kb6 Qf2 95. Qa4+ Kb1 96. Qb3+ Ka1 97. Qc3+ Kb1 98. Kb5 Qe2+ 99. Kc5 Qe7+ 100. Kc4 Qc7+ 101. Kb3 Qf7+ 102. Qc4 Qf3+ 103. Kb4 Kb2 104. d5 Qf8+ 105. Qc5 Qb8+ 106. Qb5 Qe5 107. Ka5+ Ka1 108. Qc6 Qe1+ 109. Kb6 Qe3+ 110. Qc5 Qb3+ 111. Kc7 Qg3+ 112. d6 Qh2 113. Qd4+ Kb1 114. Kc8 Qc2+ 115. Kd8 Qh2 116. Qb4+ Ka1 117. d7 Qh8+ 118. Kc7 Qe5+ 119. Kc8 Qf5 120. Qd4+ Ka2 121. Qa7+ Kb1 122. Qb7+ Ka1 123. Qa6+ Kb1 124. Qc6 Ka1 125. Kb7 Qf7 126. Kb8 Qf8+ 127. Ka7 Qe7 128. Qc3+ Ka2 129. Qd4 Qa3+ 130. Kb6 Qb3+ 131. Ka5 1-0

[Event "IM Marmaris Karia VIII 2019"]
[Site "Marmaris"]
[Date "2019.07.28"]
[Round "3.5"]
[White "Caputcuoglu, Zeki Berke"]
[Black "Benidze, Davit"]
[Result "1/2-1/2"]
[ECO "E65"]
[WhiteElo "2010"]
[BlackElo "2469"]
[Annotator "ChessBase"]
[PlyCount "83"]
[EventDate "2019.07.29"]
[EventType "schev"]
[EventCountry "TUR"]
[SourceTitle "playchess.com"]
[Source "ChessBase"]
[SourceQuality "1"]
[TimeControl "5400+30"]

1. Nf3 g6 2. d4 Bg7 3. c4 Nf6 4. g3 O-O 5. Bg2 c5 6. O-O Nc6 7. Nc3 d6 8. dxc5 dxc5 9. Be3 Qa5 10. Qa4 Qxa4 11. Nxa4 b6 12. Nc3 Ba6 13. b3 Rad8 14. Rac1 Ng4 15. Bf4 e5 16. Bg5 f6 17. h3 Nh6 18. Bxh6 Bxh6 19. Rcd1 Nb4 20. e3 Bb7 21. Nd2 Bxg2 22. Kxg2 f5 23. a3 Nc6 24. Nd5 e4 25. Nb1 Bg7 26. Nf4 Kf7 27. Nd5 h5 28. Nd2 Ne7 29. Nf4 Bc3 30. Nb1 Be5 31. h4 Bxf4 32. gxf4 Nc6 33. f3 exf3+ 34. Kxf3 Na5 35. Nd2 Rd3 36. Ke2 Rfd8 37. b4 cxb4 38. axb4 Nc6 39. b5 Na5 40. Nf3 Rxd1 41. Rxd1 Rc8 42. Ne5+ 1/2-1/2

[Event "IM Marmaris Karia VIII 2019"]
[Site "Marmaris"]
[Date "2019.07.28"]
[Round "4.1"]
[White "Odeev, Handszar"]
[Black "Dedebas, Emre Emin"]
[Result "1/2-1/2"]
[ECO "C00"]
[WhiteElo "2360"]
[BlackElo "2301"]
[Annotator "NA"]
[PlyCount "62"]
[EventDate "2019.07.29"]
[EventType "schev"]
[EventCountry "TUR"]
[SourceTitle "playchess.com"]
[Source "ChessBase"]
[SourceQuality "1"]
[TimeControl "5400+30"]

1. e4 e6 2. Qe2 Be7 3. d4 d5 4. e5 c5 5. Qg4 g6 6. Nf3 Nc6 7. dxc5 Qc7 8. Bb5 Bd7 9. Bxc6 Bxc6 10. Be3 h5 11. Qf4 Nh6 12. Nbd2 Nf5 13. Nb3 Bf8 14. Bd2 a5 15. h4 Bh6 16. Qh2 a4 17. Nbd4 Nxd4 18. Nxd4 Bg7 19. Bf4 Qa5+ 20. c3 Qxc5 21. Qg3 Qc4 22. Qe3 Bf8 23. a3 Bc5 24. Rd1 Bd7 25. Qe2 Rc8 26. Qxc4 dxc4 27. Ke2 Bxd4 28. Rxd4 Bc6 29. f3 Bd5 30. Rhd1 Kd7 31. R1d2 Kc6 1/2-1/2

[Event "IM Marmaris Karia VIII 2019"]
[Site "Marmaris"]
[Date "2019.07.28"]
[Round "4.2"]
[White "Rzayev, Bahruz"]
[Black "Abdulla, Khayala"]
[Result "1-0"]
[ECO "B43"]
[WhiteElo "2340"]
[BlackElo "2283"]
[Annotator "NA"]
[PlyCount "87"]
[EventDate "2019.07.29"]
[EventType "schev"]
[EventCountry "TUR"]
[SourceTitle "playchess.com"]
[Source "ChessBase"]
[SourceQuality "1"]
[TimeControl "5400+30"]

1. e4 c5 2. Nf3 e6 3. d4 cxd4 4. Nxd4 a6 5. Nc3 Qc7 6. g3 Bb4 7. Bd2 Nf6 8. Bg2 Nc6 9. Nb3 Be7 10. O-O d6 11. f4 b5 12. a3 Bb7 13. g4 Nd7 14. Qe2 Nb6 15. Rad1 Na4 16. Nxa4 bxa4 17. Nc1 e5 18. Nd3 O-O 19. Qf2 exf4 20. Bc3 Ne5 21. Qxf4 Ng6 22. Qf2 Bh4 23. Qd4 f6 24. Qxa4 Rae8 25. Qd4 Rf7 26. Nb4 Qc8 27. h3 Ne5 28. Nd5 Nc4 29. Rd3 Bg5 30. Re1 h5 31. gxh5 Bh4 32. Re2 f5 33. e5 f4 34. e6 Rxe6 35. Rxe6 Qxe6 36. Nxf4 Qf5 37. Bxb7 Qg5+ 38. Kh1 Rxf4 39. Qd5+ Qxd5+ 40. Bxd5+ Kh7 41. Bxc4 Rxc4 42. Rxd6 a5 43. Rd7 Kh6 44. Rd4 1-0

[Event "IM Marmaris Karia VIII 2019"]
[Site "Marmaris"]
[Date "2019.07.28"]
[Round "4.3"]
[White "Maghalashvili, Davit"]
[Black "Karaoglan, Doruk"]
[Result "1-0"]
[ECO "A38"]
[WhiteElo "2485"]
[BlackElo "2278"]
[Annotator "ChessBase"]
[PlyCount "73"]
[EventDate "2019.07.29"]
[EventType "schev"]
[EventCountry "TUR"]
[SourceTitle "playchess.com"]
[Source "ChessBase"]
[SourceQuality "1"]
[TimeControl "5400+30"]

1. Nf3 Nf6 2. g3 g6 3. c4 Bg7 4. Bg2 O-O 5. O-O c5 6. d4 cxd4 7. Nxd4 Nc6 8. Nc3 d6 9. Nc2 Be6 10. b3 Nd7 11. Bb2 a5 12. Qd2 Nc5 13. Ne3 Rb8 14. Nb5 Bxb2 15. Qxb2 Qb6 16. Rad1 Ne5 17. h3 Rfc8 18. Kh2 Ned7 19. Rd4 Nf6 20. Rfd1 Rd8 21. f4 Bd7 22. Nxd6 Ne6 23. R4d3 Nc5 24. R3d2 Bc6 25. Qe5 Ne6 26. Nb5 Bxg2 27. Kxg2 Rxd2 28. Rxd2 Rc8 29. Nd5 Nxd5 30. Rxd5 a4 31. Rd7 axb3 32. axb3 Rc5 33. Qb8+ Nf8 34. Rd8 Qe6 35. Rxf8+ Kg7 36. Rg8+ Kf6 37. Nc3 1-0

[Event "IM Marmaris Karia VIII 2019"]
[Site "Marmaris"]
[Date "2019.07.28"]
[Round "4.4"]
[White "Benidze, Davit"]
[Black "Yazici, Ugur Doga"]
[Result "1/2-1/2"]
[ECO "E05"]
[WhiteElo "2469"]
[BlackElo "2143"]
[Annotator "ChessBase"]
[PlyCount "135"]
[EventDate "2019.07.29"]
[EventType "schev"]
[EventCountry "TUR"]
[SourceTitle "playchess.com"]
[Source "ChessBase"]
[SourceQuality "1"]
[TimeControl "5400+30"]

1. Nf3 Nf6 2. c4 e6 3. g3 d5 4. Bg2 Be7 5. O-O O-O 6. d4 dxc4 7. Qa4 a6 8. Qxc4 b5 9. Qc2 Bb7 10. Bd2 Be4 11. Qc1 Bb7 12. Rd1 Qc8 13. Bg5 h6 14. Bxf6 Bxf6 15. Nbd2 Nd7 16. Nb3 Bd5 17. Ne1 Bxg2 18. Nxg2 a5 19. Qc6 a4 20. Nc5 Nxc5 21. Qxc5 Qb7 22. Nf4 Bg5 23. Nd3 Rfd8 24. e3 Rd5 25. Qc2 Rc8 26. Nb4 Rd6 27. Rac1 c5 28. dxc5 Rxd1+ 29. Qxd1 Be7 30. c6 Qa8 31. Nd3 Rxc6 32. Ne5 Rxc1 33. Qxc1 Bf6 34. Nd7 Qb7 35. Nc5 Qd5 36. b3 Be7 37. Na6 axb3 38. axb3 Qxb3 39. Qc8+ Bf8 40. Qb7 Qd1+ 41. Kg2 Qa4 42. Nc7 b4 43. Nb5 e5 44. Qb8 f6 45. Qb7 Qb3 46. Nc7 Qf7 47. Qb6 Qc4 48. Qb7 b3 49. Nd5 b2 50. Nxf6+ gxf6 51. Qxb2 Qe4+ 52. Kg1 h5 53. h4 Qc4 54. Qd2 Kg7 55. Qd7+ Qf7 56. Qf5 Kh6 57. Kg2 Qg6 58. Qf3 f5 59. Qd5 Bd6 60. Qa8 Kg7 61. Qb7+ Qf7 62. Qc6 Be7 63. Qf3 Qg6 64. Qb7 Qf6 65. Qf3 Kh6 66. Qd5 f4 67. exf4 exf4 68. Qg5+ 1/2-1/2

[Event "IM Marmaris Karia VIII 2019"]
[Site "Marmaris"]
[Date "2019.07.28"]
[Round "4.5"]
[White "Sibashvili, Giorgi"]
[Black "Caputcuoglu, Zeki Berke"]
[Result "1-0"]
[ECO "E69"]
[WhiteElo "2389"]
[BlackElo "2010"]
[Annotator "NA"]
[PlyCount "71"]
[EventDate "2019.07.29"]
[EventType "schev"]
[EventCountry "TUR"]
[SourceTitle "playchess.com"]
[Source "ChessBase"]
[SourceQuality "1"]
[TimeControl "5400+30"]

1. d4 Nf6 2. c4 g6 3. Nf3 Bg7 4. g3 O-O 5. Bg2 d6 6. O-O c6 7. Nc3 Qa5 8. h3 e5 9. e4 Nbd7 10. Be3 exd4 11. Nxd4 Nb6 12. Nb3 Qh5 13. Qxh5 Nxh5 14. Na5 Be6 15. c5 Nc4 16. Nxc4 Bxc4 17. Rfd1 dxc5 18. g4 Nf6 19. Bxc5 Rfd8 20. f4 Ne8 21. Be7 Rd4 22. Kf2 Nc7 23. Ke3 Rxd1 24. Rxd1 Bxc3 25. bxc3 Bxa2 26. Rd7 Rc8 27. f5 b6 28. Bf1 a5 29. Bd8 Nb5 30. Bxb6 a4 31. c4 Na3 32. Kd4 Bb3 33. Kc3 Ra8 34. Bd3 Rb8 35. Ba7 Ra8 36. Bc5 1-0

[Event "IM Marmaris Karia VIII 2019"]
[Site "Marmaris"]
[Date "2019.07.28"]
[Round "5.1"]
[White "Dedebas, Emre Emin"]
[Black "Rzayev, Bahruz"]
[Result "0-1"]
[ECO "A43"]
[WhiteElo "2301"]
[BlackElo "2340"]
[Annotator "NA"]
[PlyCount "138"]
[EventDate "2019.07.29"]
[EventType "schev"]
[EventCountry "TUR"]
[SourceTitle "playchess.com"]
[Source "ChessBase"]
[SourceQuality "1"]
[TimeControl "5400+30"]

1. d4 Nf6 2. Nf3 c5 3. d5 b5 4. Bg5 Qb6 5. e3 Bb7 6. Nc3 b4 7. Na4 Qa5 8. Bxf6 exf6 9. c3 d6 10. Be2 Be7 11. O-O f5 12. Qb3 O-O 13. a3 Rc8 14. axb4 cxb4 15. Rfd1 Na6 16. Bxa6 Bxa6 17. cxb4 Qb5 18. Nd4 Qc4 19. Qxc4 Bxc4 20. Nxf5 Bf8 21. Nc3 Rab8 22. Ne4 Bb3 23. Rd4 Rc4 24. Nd2 Rxd4 25. Nxd4 Bxd5 26. b5 Rb7 27. f3 g6 28. Ra5 Be6 29. Ne4 d5 30. Nc3 Bb4 31. Ra6 Bc5 32. Rc6 Bb6 33. Kf2 Bd7 34. Rd6 Bxd4 35. exd4 Bxb5 36. Nxd5 Bc4 37. Ne3 Rxb2+ 38. Kg3 Bb5 39. Rd8+ Kg7 40. Rb8 a6 41. h4 Rd2 42. d5 Rd4 43. Rb6 h5 44. f4 Bd3 45. Rb7 a5 46. Ra7 a4 47. Ra5 Be4 48. f5 gxf5 49. Ra6 Bd3 50. Ra5 Kg6 51. Kf3 f6 52. g3 Bb1 53. Ke2 Be4 54. Ra7 Rb4 55. Kd2 Rb2+ 56. Ke1 Bf3 57. Kf1 Be2+ 58. Kf2 Bb5+ 59. Kg1 Rb3 60. Kf2 a3 61. Ng2 Rb2+ 62. Kf3 a2 63. Nf4+ Kh6 64. d6 Bc4 65. Ke3 Rb6 66. d7 Rd6 67. Ne2 Rxd7 68. Ra4 Re7+ 69. Kd4 Rxe2 0-1

[Event "IM Marmaris Karia VIII 2019"]
[Site "Marmaris"]
[Date "2019.07.28"]
[Round "5.2"]
[White "Abdulla, Khayala"]
[Black "Maghalashvili, Davit"]
[Result "0-1"]
[ECO "B22"]
[WhiteElo "2283"]
[BlackElo "2485"]
[Annotator "ChessBase"]
[PlyCount "102"]
[EventDate "2019.07.29"]
[EventType "schev"]
[EventCountry "TUR"]
[SourceTitle "playchess.com"]
[Source "ChessBase"]
[SourceQuality "1"]
[TimeControl "5400+30"]

1. e4 c5 2. c3 Nf6 3. e5 Nd5 4. Nf3 Nc6 5. Bc4 Nb6 6. Bb3 d5 7. exd6 Qxd6 8. Na3 a6 9. O-O Bf5 10. Bxf7+ Kxf7 11. Qb3+ Nd5 12. Nc4 Qd8 13. Qxb7 Rc8 14. g4 Bd7 15. Nfe5+ Ke8 16. Re1 e6 17. d3 Nxe5 18. Rxe5 Be7 19. Bg5 Bxg5 20. Qxd5 Be7 21. Qf3 Rf8 22. Qh3 Kf7 23. Qxh7 Rh8 24. Qe4 Bf6 25. Nd6+ Kf8 26. Nxc8 Bxe5 27. Qxe5 Qxc8 28. Re1 Qc6 29. Re4 Rh3 30. d4 Rd3 31. Rf4+ Kg8 32. Qe2 Qb5 33. Qc2 c4 34. h4 Qd5 35. Qe2 Rh3 36. f3 Rxh4 37. Re4 Qg5 38. Qf2 Qh6 39. Qg3 Rh1+ 40. Kg2 Qc1 41. Qf2 Bc6 42. Re3 Bd5 43. a3 g5 44. Kg3 Rf1 45. Qe2 Rg1+ 46. Kf2 Rh1 47. Kg3 Rg1+ 48. Kf2 Rd1 49. Kg3 Rd2 50. Qe1 Qxe1+ 51. Rxe1 Kg7 0-1

[Event "IM Marmaris Karia VIII 2019"]
[Site "Marmaris"]
[Date "2019.07.28"]
[Round "5.3"]
[White "Karaoglan, Doruk"]
[Black "Benidze, Davit"]
[Result "0-1"]
[ECO "B15"]
[WhiteElo "2278"]
[BlackElo "2469"]
[Annotator "ChessBase"]
[PlyCount "104"]
[EventDate "2019.07.29"]
[EventType "schev"]
[EventCountry "TUR"]
[SourceTitle "playchess.com"]
[Source "ChessBase"]
[SourceQuality "1"]
[TimeControl "5400+30"]

1. e4 g6 2. d4 Bg7 3. Nc3 c6 4. Nf3 d5 5. h3 Nh6 6. Bd3 O-O 7. O-O f6 8. exd5 cxd5 9. Ne2 Nc6 10. c4 Nb4 11. cxd5 Nxd3 12. Qxd3 Qxd5 13. Nc3 Qf7 14. Bf4 Rd8 15. Qb5 Nf5 16. Rad1 h5 17. Bc7 Rd7 18. Bh2 Nd6 19. Qb3 Qxb3 20. axb3 b6 21. Rfe1 Nf5 22. d5 Bb7 23. Re2 Rad8 24. Red2 Kf7 25. b4 a6 26. Ne1 Nd6 27. Bxd6 Rxd6 28. Nc2 f5 29. Ne3 b5 30. Ne2 Bh6 31. f4 h4 32. Kf2 Kf6 33. Rd4 e6 34. Ng1 exd5 35. Nf3 Bg7 36. Nxh4 Kf7 37. R4d2 d4 38. Nf1 d3 39. Nf3 Bxf3 40. Kxf3 Rd4 41. Ke3 Rxb4 42. Rxd3 Rxd3+ 43. Rxd3 Rxb2 44. Rd7+ Kf8 45. g4 fxg4 46. hxg4 a5 47. f5 gxf5 48. gxf5 a4 49. Ra7 Rb4 50. Kf3 Bb2 51. Ng3 a3 52. Ne4 Ra4 0-1

[Event "IM Marmaris Karia VIII 2019"]
[Site "Marmaris"]
[Date "2019.07.28"]
[Round "5.4"]
[White "Yazici, Ugur Doga"]
[Black "Sibashvili, Giorgi"]
[Result "0-1"]
[ECO "C01"]
[WhiteElo "2143"]
[BlackElo "2389"]
[Annotator "NA"]
[PlyCount "60"]
[EventDate "2019.07.29"]
[EventType "schev"]
[EventCountry "TUR"]
[SourceTitle "playchess.com"]
[Source "ChessBase"]
[SourceQuality "1"]
[TimeControl "5400+30"]

1. e4 e6 2. d4 d5 3. Nc3 Bb4 4. exd5 exd5 5. Bd3 Nc6 6. a3 Bxc3+ 7. bxc3 Nge7 8. Qf3 Be6 9. Rb1 Na5 10. Ne2 Qd7 11. Nf4 Bg4 12. Qg3 g6 13. Ne2 O-O-O 14. Bg5 Rde8 15. f3 Bf5 16. O-O Nc4 17. Qf2 h6 18. Bc1 g5 19. Ng3 Bg6 20. Bxc4 dxc4 21. Ne4 Qc6 22. d5 Nxd5 23. Qxa7 b6 24. Qa6+ Kb8 25. a4 Bxe4 26. fxe4 Nxc3 27. Be3 Nxb1 28. Rxb1 Qb7 29. Qxc4 Qxe4 30. Bd4 Rd8 0-1

[Event "IM Marmaris Karia VIII 2019"]
[Site "Marmaris"]
[Date "2019.07.28"]
[Round "5.5"]
[White "Caputcuoglu, Zeki Berke"]
[Black "Odeev, Handszar"]
[Result "1/2-1/2"]
[ECO "A33"]
[WhiteElo "2010"]
[BlackElo "2360"]
[Annotator "NA"]
[PlyCount "39"]
[EventDate "2019.07.29"]
[EventType "schev"]
[EventCountry "TUR"]
[SourceTitle "playchess.com"]
[Source "ChessBase"]
[SourceQuality "1"]
[TimeControl "5400+30"]

1. Nf3 c5 2. c4 Nc6 3. d4 cxd4 4. Nxd4 Qb6 5. Nc2 Nf6 6. Nc3 e6 7. g3 Ne5 8. b3 Qc6 9. f3 Bc5 10. Be3 d5 11. cxd5 exd5 12. Bxc5 Qxc5 13. Qd4 Qe7 14. Bg2 Bh3 15. O-O Bxg2 16. Kxg2 Nc6 17. Qd2 O-O 18. Rad1 Rfe8 19. Rfe1 Rac8 20. e3 1/2-1/2